 Dungeon Crawl Stone Soup version 0.26-a0-663-g36e8fdb655 (webtiles) character file.

Game seed: 170117998535396823

135 Snikeer the Insei (level 4, 0/35 HPs)
             Began as a Draconian Transmuter on Oct 12, 2020.
             Killed from afar by an orc wizard (4 damage)
             ... with a puff of flame
             ... on level 2 of the Dungeon.
             The game lasted 00:03:16 (1798 turns).

Snikeer the Insei (Draconian Transmuter)            Turns: 1798, Time: 00:03:17

Health: 0/35       AC:  5    Str: 12    XL:     4   Next: 96%
Magic:  4/7        EV: 12    Int: 14    God:
Gold:   135        SH:  0    Dex: 12    Spells: 1/7 levels left

rFire    . . .     SeeInvis .     - Unarmed
rCold    . . .     Faith    .   (no shield)
rNeg     . . .     Spirit   .   (armour unavailable)
rPois    .         Reflect  .   (helmet currently unavailable)
rElec    .         Harm     .   (no cloak)
rCorr    .         Rampage  .   (no gloves)
MR       .....                  (boots currently unavailable)
Stlth    +.........             a - amulet of regeneration {+regen, !d}
HPRegen  0.51/turn              (no ring)
MPRegen  0.10/turn              (no ring)

@: appendages
A: unfitting armour, horns 2, talons 2, cold-blooded, AC +5
a: End Transformation


You were on level 2 of the Dungeon.
You had grown temporary horns.
You had grown temporary talons.
You visited 1 branch of the dungeon, and saw 3 of its levels.

You collected 135 gold pieces.

Inventory:

Missiles
 e - 8 javelins {=f}
Jewellery
 a - an amulet of regeneration (around neck) {+regen, !d}
   (You found it on level 1 of the Dungeon)
 b - an uncursed amulet of faith {Faith, !P}
   (You found it on level 1 of the Dungeon)
Scrolls
 d - a scroll of immolation {unknown}
 f - a scroll of blinking {unknown}
 h - a scroll of fog {unknown}
 k - 2 scrolls of identify {unknown}
Potions
 c - 2 potions of might {unknown}
 g - a potion of degeneration {unknown}
 i - a potion of heal wounds {unknown}
 j - a potion of invisibility {unknown}


   Skills:
 - Level 1.1 Fighting
 - Level 1.7 Dodging
 * Level 5.0 Unarmed Combat
 - Level 2.0 Spellcasting
 + Level 3.3 Transmutations


You had one spell level left.
You knew the following spells:

 Your Spells              Type           Power        Failure   Level
a - Beastly Appendage     Tmut           ##....       6%          1
b - Wereblood             Tmut           ##......     9%          2
c - Spider Form           Tmut/Pois      #.........   34%         3

Your spell library contained the following spells:

 Spells                   Type           Power        Failure   Level
 Ice Form                 Ice/Tmut       #.......     75%         4
 Blade Hands              Tmut           ##........   86%         5


Dungeon Overview and Level Annotations

Branches:
Dungeon (3/15)

Altars:
Yredelemnul
The Shining One


Innate Abilities, Weirdness & Mutations

Your plain brown scales are hard. (AC +5)
You cannot fit into any form of body armour.
You are cold-blooded and may be slowed by cold attacks.
You have a pair of horns on your head.
You have razor-sharp toenails.


Message History

You take 2 damage, and have 27/35 hp.
You hit the hobgoblin. You tail-slap the hobgoblin.
The hobgoblin barely misses you.
You hit the hobgoblin. You hit the orc. You claw the orc, but do no damage.
You tail-slap the orc.
Things that are here:
a +0 mace; a hobgoblin corpse Your horns disappear.
Your talons disappear.
Items here: )) [[ †.
There is a stone staircase leading down here.
HP restored.
Done exploring.
Health restored: 35 Memorise Wereblood, consuming 2 spell levels and leaving 4?
You start memorising the spell.
You continue memorising. x2
You finish memorising.
Spell assigned to 'b'.
This spell is quite dangerous to cast!
Memorise Spider Form, consuming 3 spell levels and leaving 1?
You start memorising the spell.
You continue memorising. x3
You finish memorising.
Spell assigned to 'c'.
Casting: Beastly Appendage (safe; 7% risk of failure)
Confirm with . or Enter, or press ? or * to list all spells.
The spell is quite dangerous to cast (36% risk of failure)!
Continue anyway?
You turn into a venomous arachnid creature.
You now have 4/7 mp.
You climb downwards.
The goblin closely misses you. The orc hits you with a +0 dagger.
A kobold comes into view. It is wielding a +0 club.
A bat comes into view.
The goblin misses you.
There is a stone staircase leading up here.
You take 1 damage, and have 34/35 hp.
The ball python hisses angrily.
The kobold shouts!
You hit the orc.
The orc is poisoned.
Health restored: 35 You hit the goblin.
The goblin is poisoned.
Your transformation is almost over.
The goblin closely misses you.
The orc wizard points at you and mumbles some strange words.
You are confused.
The bat closely misses you. The goblin misses you.
In your confused state, you trip and fall back down the stairs.
The bat misses you. The orc priest barely misses you.
The ball python misses you. The ball python grabs you.
The ball python constricts you. The orc wizard closely misses you.
You take 2 damage, and have 33/35 hp.
You escape the ball python's grasp.
The bat closely misses you. The orc priest misses you.
The orc wizard closely misses you. The ball python completely misses you.
The ball python barely misses you. The bat barely misses you.
In your confused state, you trip and fall back down the stairs.
The bat barely misses you.
The orc priest calls down the wrath of Beogh upon you.
Pain shoots through your body! The ball python completely misses you.
The ball python grabs you. The ball python constricts you.
The orc wizard hits you with a +0 dagger.
You take 5 damage, and have 28/35 hp.
You escape the ball python's grasp.
The bat completely misses you.
The orc priest invokes the aid of Beogh against you.
Pain shoots through your body!
The orc wizard hits you with a +0 dagger.
The ball python closely misses you. The ball python misses you.
You climb upwards.
There is a stone staircase leading down here.
You take 8 damage, and have 20/35 hp.
MASSIVE DAMAGE!!
You barely miss the orc priest.
You feel less confused. The orc priest completely misses you.
The orc wizard hits you but does no damage.
You bite the orc priest!
The orc priest is poisoned.
The orc priest hits you.
The orc wizard casts a spell.
The orc wizard flickers and vanishes!
Deactivating autopickup; reactivate with Ctrl-A.
You take 3 damage, and have 17/35 hp.
You bite the orc priest!
Your transformation has ended.
You hear some strange, mumbled words.
A puff of flame appears from out of thin air!
The puff of flame hits you!
* * * LOW HITPOINT WARNING * * *
You take 7 damage, and have 10/35 hp.
You hit the ball python.
Your Unarmed Combat skill increases to level 5!
Something hits you!
* * * LOW HITPOINT WARNING * * *
Items here: )) [[ ††.
You take 6 damage, and have 4/35 hp.
Casting: Spider Form (quite dangerous; 34% risk of failure)
Confirm with . or Enter, or press ? or * to list all spells.
You grow a pair of large bovine horns.
Your feet morph into talons.
Something hits you.
* * * LOW HITPOINT WARNING * * *
You take 1 damage, and have 3/35 hp.
You now have 4/7 mp.
You miss something. Your headbutt misses something.
Something hits you but does no damage.
You miss something.
Your tail-slap misses something.
You hear some strange, mumbled words.
A puff of flame appears from out of thin air!
The puff of flame hits you.
You die...

#........#.....# #..#.....†
#......#.#.....# #.........
#......#.#.....###(........
###
#......#...................
..#
#......##...........)......
..#
#......##.)##.......#######
..# #......##..##.......#
..# #......###.##.......#
..#####......###@##.......#
...............{>##.......#
..#########################
###


There were no monsters in sight!

Vanquished Creatures
  An orc priest (D:2)
  An orc wizard (D:2)
  An adder (D:2)
  2 oozes (D:2)
  A worm (D:2)
  A dart slug (D:2)
  A leopard gecko (D:1)
  4 orcs
  6 bats
  2 giant cockroaches
  4 goblins
  7 hobgoblins
  2 jackals (D:2)
  2 ball pythons (D:2)
  4 frilled lizards
  5 kobolds
  3 rats
47 creatures vanquished.

Notes
Turn   | Place    | Note
-------+----------+-------------------------------------------
     0 | D:1      | Snikeer the Draconian Transmuter began the quest for the
                  | Orb.
     0 | D:1      | Reached XP level 1. HP: 16/16 MP: 3/3
   297 | D:1      | Reached XP level 2. HP: 23/23 MP: 3/5
   805 | D:2      | Found a basalt altar of Yredelemnul.
   903 | D:2      | Reached XP level 3. HP: 28/28 MP: 4/6
   994 | D:2      | Reached skill level 4 in Unarmed Combat
  1513 | D:2      | Found a glowing golden altar of the Shining One.
  1756 | D:2      | Reached skill level 3 in Transmutations
  1756 | D:2      | Reached XP level 4. HP: 29/35 MP: 7/7
  1776 | D:2      | Learned a level 2 spell: Wereblood
  1780 | D:2      | Learned a level 3 spell: Spider Form
  1794 | D:2      | Reached skill level 5 in Unarmed Combat
  1795 | D:2      | HP: 4/35 [something (7)]
  1798 | D:2      | Killed from afar by an orc wizard

Illustrated notes

Levels and vault maps discovered:
D:1:      lemuel_arrival_broad_hall, layout_loops_ring
D:2:      layout_basic, yredelemnul_altar_generic, tso_metal_star
D:3:      lemuel_upstairs_altar, layout_rooms, led_sif_book,
          uniq_crazy_yiuf_cottage, uniq_ijyb

Skill      XL: |  1  2  3  4 |
---------------+-------------+-----
Unarmed Combat | 4 5 |  5.0
Transmutations | 3 |  3.3
Fighting       | |  1.1
Dodging        | |  1.7
Spellcasting   | |  2.0

Action                   |  1- 3 |  4- 6 || total
-------------------------+-------+-------++-------
Melee: Unarmed           |   102 |    11 ||   113
       Kick              |    18 |     1 ||    19
       Headbutt          |     9 |       ||     9
       Tailslap          |     6 |     2 ||     8
       Punch             |     1 |       ||     1
 Cast: Beastly Appendage |    29 |     1 ||    30
       Spider Form       |       |     1 ||     1
 Stab: Sleeping          |     1 |       ||     1
Armor: Skin              |    36 |     1 ||    37
Dodge: Dodged            |    52 |    23 ||    75

Table legend: (Time is in decaauts)
 A = Elapsed time spent in this place.
 B = Non-inter-level travel time spent in this place.
 C = Inter-level travel time spent in this place.
 D = Time resting spent in this place.
 E = Time spent auto-exploring this place.
 F = Levels seen in this place.
 G = Mean time per level.
                   A        B        C        D        E       F      G
               +--------+--------+--------+--------+--------+-----+--------+
         Total |   1792 |   1689 |    103 |      0 |   1385 |   3 |  597.3 |
       Dungeon |   1792 |   1689 |    103 |      0 |   1385 |   3 |  597.3 |
               +--------+--------+--------+--------+--------+-----+--------+

Top non-repeatable levels by time:
     D:2: 983 daAuts
     D:1: 791 daAuts
     D:3: 18 daAuts

Table legend:
 A = Kills in this place as a percentage of kills in entire the game.
 B = Kills by you in this place as a percentage of kills by you in the entire game.
 C = Kills by friends in this place as a percentage of kills by friends in the entire game.
 D = Other kills in this place as a percentage of other kills in the entire game.
 E = Experience gained in this place as a percentage of experience gained in the entire game.
 F = Experience gained in this place divided by the number of levels of this place that you have seen.
                   A       B       C       D       E      F
               +-------+-------+-------+-------+-------+----------------------
         Total | 100.0 | 100.0 |   N/A |   N/A | 100.0 |  64.3
       Dungeon | 100.0 | 100.0 |   N/A |   N/A | 100.0 |  64.3
               +-------+-------+-------+-------+-------+----------------------
